Unix NetHack Version 3.7.0-89 Work-in-progress - last build Nov 29 2023 03:14:05 (8663f69846b387d428bf56816b0fc57e108cd183,branch:master). Game began 2023-12-03 19:37:56, ended 2023-12-03 19:41:44. DoktorL, lawful female dwarven Valkyrie --------- -------- |\...... |......| |..... |......| |... |......| -.- ----------------#####.......| # +<..............% |>....Suh # |..............| |......|% ## -..............| --------# # ---------------- # ---.---- ######-......| |......| |......| --+----- DoktorL the Skirmisher St:18 Dx:12 Co:19 In:8 Wi:9 Ch:8 Lawful S:605 Dlvl:5 $:51 HP:0(36) Pw:6(6) AC:5 Xp:3/76 T:1299 Latest messages: $ - 19 gold pieces (51 in total). This door is locked. This door is locked. That door is closed. This door is locked. This door is locked. This door is locked. This door is locked. This door is locked. This door is locked. This door is locked. In what direction? Whammm!! In what direction? Thwack!! This door is locked. In what direction? As you kick the door, it crashes open! You don't find anything here to loot. You hear the footsteps of a guard on patrol. You enter an opulent throne room! Wait! There's a garter snake hiding under a kobold shaman corpse! The garter snake just misses! You kill the garter snake! You see the garter snake slither under a corpse. Wait! There's a garter snake hiding under a kobold shaman corpse! The garter snake just misses! You miss the garter snake. The garter snake bites! You kill the garter snake! You see here a kobold shaman corpse. The pony kicks! The pony bites! You miss the pony. The pony kicks! The pony misses! You miss the pony. The pony kicks! The pony bites! The pony kicks! The pony bites! You hit the pony! The pony kicks! The pony bites! The pony kicks! The pony bites! You hit the pony! The pony kicks! You die... Do you want your possessions identified? [ynq] (y) Inventory: Coins $ - 51 gold pieces Weapons j - 7 +0 darts b - a +0 dagger (alternate weapon; not wielded) a - a blessed +1 dwarvish spear (weapon in hand) l - a +0 long sword Armor i - an uncursed +0 pair of gauntlets of dexterity (being worn) c - an uncursed +3 small shield (being worn) Comestibles d - 2 uncursed food rations Scrolls v - a cursed scroll of enchant armor g - 2 uncursed scrolls of enchant weapon m - a blessed scroll of identify Potions r - an uncursed potion of hallucination o - an uncursed potion of healing n - an uncursed potion of invisibility f - 3 uncursed potions of water Rings u - an uncursed ring of invisibility e - an uncursed ring of polymorph control Gems/Stones q - an uncursed flint stone DoktorL the Valkyrie's attributes: Background: You were a Skirmisher, a level 3 dwarven Valkyrie. You were lawful, on a mission for Tyr who was opposed by Odin (neutral) and Loki (chaotic). You were in the Dungeons of Doom, on level 5. You entered the dungeon 1299 turns ago. You had 76 experience points, 4 more were needed to attain level 4. Your score was 605 before end-of-game adjustments. Basics: You had 0 out of 36 hit points. You had all 6 energy points (spell power). Your armor class was 5. Your wallet contained 51 zorkmids. Autopickup was on for '$"?!/=' plus thrown, with exceptions. Final Characteristics: Your strength was 18 (limit:18/100). Your dexterity was 12 (limit:20). Your constitution was 19 (limit:20). Your intelligence was 8 (limit:16). Your wisdom was 9 (limit:16). Your charisma was 8 (limit:16). Final Status: You weren't hungry. You were unencumbered. You were wielding a spear. You had basic skill with spear. Final Attributes: You were devoutly aligned. You were cold resistant. You had infravision. You were stealthy. You are dead. Miscellaneous: You disabled loading of bones levels. Total elapsed playing time was 3 minutes and 48 seconds. Major events: Turn 1: DoktorL the lawful dwarven Valkyrie entered the dungeon 579: entered the Gnomish Mines 1158: attained the rank of Skirmisher (level 3) 1299: killed by a pony Vanquished creatures: a homunculus a kobold shaman a hill orc an iguana 2 giant rats a yellow mold 2 garter snakes 4 jackals 2 kobolds 2 grid bugs a lichen a kobold zombie 2 newts 21 creatures vanquished. No species were genocided or became extinct. Voluntary challenges: You were illiterate. You never engraved Elbereth. You never had a pet. You never genocided any monsters. You never polymorphed an object. You never changed form. You used no wishes. Achievements: You entered the Gnomish Mines. You entered a shop. You attained the rank of Skirmisher. The Dungeons of Doom: levels 1 to 6 Level 1: "VAULT" A sink, a grave. Level 2: "VAULT" A weapon shop, some fountains. Stairs down to The Gnomish Mines. Level 3: Level 4: An altar to Tyr. Level 5: <- You were here. A throne. Final resting place for you, killed by a pony. Level 6: The Gnomish Mines: Level 3: Game over: ---------- / \ / REST \ / IN \ / PEACE \ / \ | DoktorL | | 51 Au | | killed by a pony | | | | | | | | 2023 | *| * * * | * _________)/\\_//(\/(/\)/\//\/|_)_______ Farvel DoktorL the Valkyrie... You died in The Dungeons of Doom on dungeon level 5 with 600 points, and 51 pieces of gold, after 1299 moves. You were level 3 with a maximum of 36 hit points when you died.